 Dungeon Crawl Stone Soup version 0.20-a0-904-gd863c46 (webtiles) character file.

170 AlphabetPasta the Grave Robber (level 5, -2/24 HPs)
             Began as a Vine Stalker Necromancer on Mar 21, 2017.
             Slain by an ogre
             ... wielding a +0 giant spiked club
              (24 damage)
             ... on level 4 of the Dungeon.
             The game lasted 00:18:26 (3593 turns).

AlphabetPasta the Grave Robber (VSNe)               Turns: 3593, Time: 00:18:26

Health: -2/24      AC:  3    Str: 10    XL:     5   Next: 50%
Magic:  0/10       EV: 13    Int: 16    God:
Gold:   137        SH:  0    Dex: 15    Spells: 2/10 levels left

rFire    . . .     SeeInvis .     - Unarmed
rCold    . . .     Gourm    .   a - +0 robe
rNeg     . . .     Faith    .   (no shield)
rPois    +         Spirit   +   k - +0 helmet
rElec    .         Reflect  .   (no cloak)
rCorr    .         Harm     .   (no gloves)
MR       .....                  (no boots)
Stlth    ++........             (no amulet)
Regen    0.5/turn               (no ring)
MPRegen  0.2/turn               m - ring of poison resistance

@: no status effects
A: fangs 2, regeneration 1, magic shield, antimagic bite, no potion heal 3, rot
immunity
a: no special abilities


You were on level 4 of the Dungeon.
You were not hungry.

You visited 1 branch of the dungeon, and saw 4 of its levels.

You collected 137 gold pieces.

Inventory:

Missiles
 q - 2 tomahawks (quivered)
Armour
 a - a +0 robe (worn)
 k - a +0 helmet (worn)
Jewellery
 m - a ring of poison resistance (left hand)
Scrolls
 e - a scroll of amnesia
 f - a scroll of remove curse
 l - 3 scrolls of teleportation {unknown}
 o - a scroll of random uselessness {unknown}
Potions
 g - a potion of curing
 i - a potion of brilliance
 j - a potion of agility
 n - a potion of heal wounds {unknown}
Books
 b - a book of Necromancy

   Spells                             Type                      Level
   a - Pain                           Necromancy                   1
   b - Animate Skeleton               Necromancy                   1
   c - Vampiric Draining              Necromancy                   3
   d - Regeneration                   Charms/Necromancy            3
   e - Animate Dead                   Necromancy                   4
   f - Control Undead                 Necromancy                   4
Comestibles
 c - 4 bread rations
 d - a meat ration
 h - 2 chunks of flesh
 p - a royal jelly


   Skills:
 + Level 2.4 Dodging
 - Level 2.4 Stealth
 + Level 1.9 Unarmed Combat
 + Level 3.2 Spellcasting
 * Level 5.2 Necromancy


You had 2 spell levels left.
You knew the following spells:

 Your Spells              Type           Power        Failure   Level  Hunger
a - Pain                  Necr           ###.         1%          1    None
b - Animate Skeleton      Necr           N/A          1%          1    None
c - Vampiric Draining     Necr           ###.......   8%          3    ###....
d - Regeneration          Chrm/Necr      ##........   21%         3    ###....


Dungeon Overview and Level Annotations

Branches:
Dungeon (4/15)
 Temple: D:4-7

Altars:
Okawaru
Zin

Annotations:
D:3 Sergey's ghost, amateur MfSk


Innate Abilities, Weirdness & Mutations

You have extremely sharp teeth.
Your natural rate of healing is unusually fast.
When hurt, damage is shared between your health and your magic reserves.
Your bite disrupts and absorbs the magic of your enemies.
Potions cannot restore your health.
You are immune to rotting.


Message History

Press: ? - help, Shift-Dir - straight line, f/p - ogre
Aim: an ogre, wielding a giant spiked club (lightly wounded, chance to defeat MR: 78%)
The ogre writhes in agony!
Casting: Pain
Confirm with . or Enter, or press ? or * to list all spells.
Aiming: Pain
Press: ? - help, Shift-Dir - straight line, f/p - ogre
Aim: an ogre, wielding a giant spiked club (moderately wounded, chance to defeat MR: 78%)
The ogre writhes in agony!
Some of the chunks of flesh in your inventory have rotted away.
There is a stone staircase leading up here.
Casting: Pain
Confirm with . or Enter, or press ? or * to list all spells.
Aiming: Pain
Press: ? - help, Shift-Dir - straight line, f/p - ogre
Aim: an ogre, wielding a giant spiked club (heavily wounded, chance to defeat MR: 78%)
The ogre writhes in agony!
The ogre hits you with a giant spiked club!!
Ouch! That really hurt!
You die...

#. #.. #...
#.... #.....
#.o....
##.......
####........
#..@O.##....
##...## .
#.....
#.......
#......##
#..>...#
#.####.. ##
#.#


You could see an ogre and an orc.

Vanquished Creatures
  Jessica (D:2)
  Robin (D:2)
  An adder (D:2)
  2 worms (D:2)
  3 dart slugs (D:1)
  2 leopard geckos
  5 orcs (D:3)
  3 giant cockroaches (D:1)
  7 goblins
  14 hobgoblins
  5 jackals
  5 kobolds
  A ball python (D:3)
  11 bats
  6 frilled lizards
  13 rats
80 creatures vanquished.

Vanquished Creatures (collateral kills)
  An adder (D:2)
  An ooze (D:1)
  An orc (D:3)
  2 bats (D:2)
  A giant cockroach (D:1)
  4 goblins (D:2)
  2 hobgoblins
  2 rats (D:2)
14 creatures vanquished.

Grand Total: 94 creatures vanquished

Notes
Turn   | Place    | Note
-------+----------+-------------------------------------------
     0 | D:1      | AlphabetPasta the Vine Stalker Necromancer began the quest for the Orb.
     0 | D:1      | Reached XP level 1. HP: 9/9 MP: 4/4
    21 | D:1      | Learned a level 1 spell: Animate Skeleton
   336 | D:1      | Reached XP level 2. HP: 10/13 MP: 2/6
   687 | D:1      | Reached XP level 3. HP: 1/16 MP: 4/8
   697 | D:1      | Learned a level 3 spell: Vampiric Draining
  1011 | D:1      | Reached skill level 1 in Unarmed Combat
  1695 | D:2      | Learned a level 3 spell: Vampiric Draining
  1788 | D:2      | Gained mutation: Your natural rate of healing is unusually fast. [Vine Stalker growth]
  1788 | D:2      | Reached XP level 4. HP: 16/21 MP: 7/9
  1796 | D:2      | Learned a level 3 spell: Regeneration
  1853 | D:2      | Noticed Robin
  1900 | D:2      | Killed Robin
  2049 | D:2      | Found a glowing silver altar of Zin.
  2065 | D:2      | Found an iron altar of Okawaru.
  2321 | D:2      | Noticed Jessica
  2326 | D:2      | Killed Jessica
  2326 | D:2      | Reached XP level 5. HP: 24/24 MP: 7/10
  2357 | D:2      | Reached skill level 5 in Necromancy
  3179 | D:3      | Noticed Sergey's ghost (amateur MfSk)
  3586 | D:4      | Noticed an ogre
  3593 | D:4      | Slain by an ogre

Vault maps used:
D:1:      dpeg_arrival_short_road
D:2:      zin_academy, okawaru_metal_pillars_3, uniq_jessica, uniq_robin
D:3:      first_bread
D:4:      minmay_temple_entry_statues_pillars, elyvilon_altar_4

Skill      XL: |  1  2  3  4  5 |
---------------+----------------+-----
Unarmed Combat | 1 |  1.9
Dodging        | 2 |  2.4
Spellcasting   | 3 |  3.2
Necromancy     | 5 |  5.2
Stealth        | |  2.4

Action                   |  1- 3 |  4- 6 || total
-------------------------+-------+-------++-------
Melee: Unarmed           |    38 |    82 ||   120
       Bite              |    12 |    18 ||    30
 Cast: Pain              |    53 |    75 ||   128
       Animate Skeleton  |    13 |    26 ||    39
       Vampiric Draining |       |     1 ||     1
  Use: Scroll            |     3 |     5 ||     8
 Stab: Sleeping          |     4 |     4 ||     8
  Eat: Chunk             |     3 |     6 ||     9
Armor: Robe              |    11 |    27 ||    38
Dodge: Dodged            |    29 |    74 ||   103
